Canucks vs Oilers

Created - November 16 2011 at 17:31

Goals
1 2 3 T
Canucks 1 0 1 2
Oilers 1 1 2 4
Shots
1 2 3 T
Canucks 11 5 12 28
Oilers 7 16 8 31

Period #1

1. Oilers , Dany Heatley 12 (Stephen Weiss) at 15:07
2. Canucks , Loui Eriksson 9 (Phil Kessel, Corey Perry) at 18:42 (PP)

Penalties :
Scott Nichol (EDM) for Holding (Minor) at 5:30, Derek Roy (EDM) for Hooking (Minor) at 9:09, Dmitry Kulikov (VAN) for Roughing (Minor) at 9:09, Fernando Pisani (EDM) for Hooking (Minor) at 16:48, Scott Hannan (EDM) for Roughing (Minor) at 19:49

Period #2

3. Oilers , Todd Marchant 2 (Fernando Pisani, Michal Handzus) at 9:11

Penalties :
Michal Handzus (EDM) for Roughing (Minor) at 4:22, Fedor Tyutin (VAN) for High sticking (Minor) at 5:58, Jannik Hansen (VAN) for Hooking (Minor) at 6:49, Derek Roy (EDM) for Hooking (Minor) at 10:07, Erik Karlsson (VAN) for Hooking (Minor) at 13:39

Period #3

4. Oilers , Stephen Weiss 11 (Dany Heatley) at 3:26 (PP)
5. Canucks , James van Riemsdyk 7 (Dmitry Kulikov, Alex Pietrangelo) at 13:43 (PP)
6. Oilers , Dany Heatley 13 (Andrew Ladd, Stephen Weiss) at 18:03

Penalties :
James van Riemsdyk (VAN) for Roughing (Minor) at 2:36, Alex Pietrangelo (VAN) for Holding (Minor) at 7:43, David Backes (VAN) for Hooking (Minor) at 10:57, Todd Marchant (EDM) for Holding (Minor) at 12:39, Alex Pietrangelo (VAN) for Holding (Minor) at 19:14

Goalie Stats

Henrik Lundqvist (VAN), 27 saves from 31 shots - (0.871), L, 15-5-0, 60:00 minutes
Kari Lehtonen (EDM), 26 saves from 28 shots - (0.929), W, 9-8-2, 60:00 minutes

Players Stats

Canucks
Player Name              G  A  P  +/- PIM S  H  SB FO    MP 
------------------------------------------------------------
Alex Pietrangelo         0  1  1   0  4   1  1  0  0/0   15 
Brandon Sutter           0  0  0  -2  0   1  0  1  7/24  18 
Brooks Laich             0  0  0   0  0   4  2  0  8/19  15 
Corey Perry              0  1  1  -1  0   0  0  0  1/2   20 
David Backes             0  0  0   0  2   1  2  0  2/2   14 
Dmitry Kulikov           0  1  1   0  2   2  1  0  0/0   10 
Duncan Keith             0  0  0   0  0   5  1  2  0/0   22 
Erik Karlsson            0  0  0  -1  2   0  0  0  0/0   20 
Fedor Tyutin             0  0  0  -2  2   3  1  1  0/0   18 
James van Riemsdyk       1  0  1  -1  2   1  2  0  0/0   16 
Jannik Hansen            0  0  0   0  2   0  3  0  0/1   10 
Kris Russell             0  0  0  -2  0   2  0  2  0/0   17 
Loui Eriksson            1  0  1   0  0   2  0  0  0/1   18 
Matthew Carle            0  0  0  -1  0   0  3  2  0/0   18 
Phil Kessel              0  1  1  -1  0   2  1  1  7/24  17 
Ryan OReilly             0  0  0   0  0   2  1  1  3/14  9  
Tomas Holmstrom          0  0  0  -2  0   0  4  0  1/1   16 
Valtteri Filppula        0  0  0  -2  0   2  0  0  1/1   13 
Oilers
Player Name              G  A  P  +/- PIM S  H  SB FO    MP 
------------------------------------------------------------
Adam Burish              0  0  0   0  0   0  0  0  2/3   7  
Adrian Aucoin            0  0  0   0  0   1  1  3  0/0   23 
Andrew Ladd              0  1  1   2  0   4  1  0  0/1   18 
Brent Sopel              0  0  0   1  0   1  1  1  0/0   13 
Chris Phillips           0  0  0   2  0   2  3  2  0/0   23 
Dany Heatley             2  1  3   2  0   5  2  0  1/1   17 
Derek Roy                0  0  0   0  4   0  1  0  10/19 14 
Fernando Pisani          0  1  1   1  2   3  1  0  2/3   13 
Jochen Hecht             0  0  0   0  0   3  2  0  3/4   16 
Karlis Skrastins         0  0  0   0  0   1  0  0  0/0   21 
Michal Handzus           0  1  1   1  2   1  0  0  16/24 16 
Radek Dvorak             0  0  0   0  0   0  0  0  0/0   11 
Roman Hamrlik            0  0  0   2  0   1  0  2  0/0   21 
Scott Hannan             0  0  0   1  2   1  1  2  0/0   17 
Scott Nichol             0  0  0   0  2   1  2  1  4/11  10 
Stephen Weiss            1  2  3   2  0   4  0  0  17/19 17 
Steve Sullivan           0  0  0   0  0   0  1  0  3/3   11 
Todd Marchant            1  0  1   1  2   3  2  0  1/1   20 

3 Stars

1 - Dany Heatley (EDM)
2 - Stephen Weiss (EDM)
3 - Andrew Ladd (EDM)

Power Play

Canucks - 2 on 6 Attempt(s) - 33.33%
Oilers - 1 on 7 Attempt(s) - 14.29%

Penalty Kill

Canucks - 6 on 7 Attempt(s) - 85.71% - Score 0 goal in Penalty Kill
Oilers - 4 on 6 Attempt(s) - 66.67% - Score 0 goal in Penalty Kill

Game Notes

No Game Note

Finance

Level 1 -- Attendance: 5480 (84.31%) -- Ticket Income $509,640.00
Level 2 -- Attendance: 4955 (99.10%) -- Ticket Income $232,885.00
Level 3 -- Attendance: 3132 (89.49%) -- Ticket Income $106,488.00
Level 4 -- Attendance: 839 (100.00%) -- Ticket Income $17,619.00
Luxury Box -- Attendance: 839 (83.90%) -- Ticket Income $162,766.00
Game was played at the Rexall Place
Total Attendance: 15245 (90.53%)
Total Ticket Income: $1,098,747.00
Other Income: $221,315.10
Total Income: $1,320,062.00


Play by Play

Period #1

0:01 of 1st period - Stephen Weiss wins face-off versus Phil Kessel in neutral zone.
0:10 of 1st period - Shot by Stephen Weiss.
0:10 of 1st period - Shot Misses the Net.
1:21 of 1st period - Off-side.
1:22 of 1st period - Tomas Holmstrom wins face-off versus Michal Handzus in neutral zone.
1:24 of 1st period - Off-side.
1:25 of 1st period - Michal Handzus wins face-off versus Brandon Sutter in neutral zone.
3:06 of 1st period - Shot by Corey Perry.
3:06 of 1st period - Shot Blocked by Adrian Aucoin.
3:24 of 1st period - Andrew Ladd is hit by James van Riemsdyk.
3:28 of 1st period - Corey Perry is hit by Dany Heatley and loses puck.
4:09 of 1st period - Shot by Brooks Laich.
4:09 of 1st period - Stopped by Kari Lehtonen with a rebound.
4:11 of 1st period - Shot by Duncan Keith.
4:11 of 1st period - Shot Blocked by Roman Hamrlik.
4:13 of 1st period - Shot by Duncan Keith.
4:13 of 1st period - Stopped by Kari Lehtonen without a rebound.
4:14 of 1st period - Michal Handzus wins face-off versus Ryan OReilly in Oilers zone.
4:38 of 1st period - Shot by Michal Handzus.
4:38 of 1st period - Shot Blocked by Duncan Keith.
4:57 of 1st period - Icing by Kris Russell.
4:58 of 1st period - Brandon Sutter wins face-off versus Scott Nichol in Canucks zone.
4:58 of 1st period - Brandon Sutter is hit by Scott Nichol.
5:08 of 1st period - Shot by Valtteri Filppula.
5:08 of 1st period - Shot Misses the Net.
5:23 of 1st period - Shot by Scott Nichol.
5:23 of 1st period - Shot Misses the Net.
5:30 of 1st period - Minor Penalty to Scott Nichol for Holding.
5:31 of 1st period - Michal Handzus wins face-off versus Brooks Laich in Oilers zone.
5:31 of 1st period - Michal Handzus is hit by Brooks Laich.
6:36 of 1st period - Shot by Duncan Keith.
6:36 of 1st period - Stopped by Kari Lehtonen with a rebound.
7:39 of 1st period - Shot by Valtteri Filppula.
7:39 of 1st period - Shot Misses the Net.
7:53 of 1st period - Shot by Valtteri Filppula.
7:53 of 1st period - Stopped by Kari Lehtonen with a rebound.
8:10 of 1st period - Icing by Chris Phillips.
8:11 of 1st period - Phil Kessel wins face-off versus Stephen Weiss in Oilers zone.
8:32 of 1st period - Shot by Phil Kessel.
8:32 of 1st period - Shot Misses the Net.
8:42 of 1st period - Shot by Phil Kessel.
8:42 of 1st period - Stopped by Kari Lehtonen with a rebound.
9:09 of 1st period - Minor Penalty to Derek Roy for Hooking.
9:09 of 1st period - Minor Penalty to Dmitry Kulikov for Roughing.
9:10 of 1st period - Steve Sullivan wins face-off versus Brooks Laich in Canucks zone.
9:26 of 1st period - Shot by Loui Eriksson.
9:26 of 1st period - Deflect By Brooks Laich.
9:26 of 1st period - Shot Misses the Net.
9:30 of 1st period - Shot by Brooks Laich.
9:30 of 1st period - Stopped by Kari Lehtonen without a rebound.
9:31 of 1st period - Steve Sullivan wins face-off versus Brandon Sutter in Oilers zone.
9:31 of 1st period - Steve Sullivan is hit by Jannik Hansen.
9:45 of 1st period - Shot by Jochen Hecht.
9:45 of 1st period - Stopped by Henrik Lundqvist without a rebound.
9:46 of 1st period - Brooks Laich wins face-off versus Fernando Pisani in Canucks zone.
10:00 of 1st period - Off-side.
10:01 of 1st period - Steve Sullivan wins face-off versus Jannik Hansen in neutral zone.
11:18 of 1st period - Shot by Fernando Pisani.
11:18 of 1st period - Stopped by Henrik Lundqvist without a rebound.
11:19 of 1st period - Michal Handzus wins face-off versus Brooks Laich in Canucks zone.
11:50 of 1st period - Shot by Loui Eriksson.
11:50 of 1st period - Shot Blocked by Scott Hannan.
11:52 of 1st period - Shot by Brooks Laich.
11:52 of 1st period - Stopped by Kari Lehtonen without a rebound.
11:53 of 1st period - Valtteri Filppula wins face-off versus Adam Burish in Oilers zone.
11:54 of 1st period - Shot by Fedor Tyutin.
11:54 of 1st period - Stopped by Kari Lehtonen without a rebound.
11:55 of 1st period - Scott Nichol wins face-off versus Brandon Sutter in Oilers zone.
12:05 of 1st period - Icing by Brandon Sutter.
12:06 of 1st period - Derek Roy wins face-off versus Brandon Sutter in Canucks zone.
12:19 of 1st period - Kris Russell is hit by Jochen Hecht and loses puck.
13:04 of 1st period - Shot by Dany Heatley.
13:04 of 1st period - Stopped by Henrik Lundqvist without a rebound.
13:05 of 1st period - Brooks Laich wins face-off versus Michal Handzus in Canucks zone.
13:07 of 1st period - Icing by Loui Eriksson.
13:08 of 1st period - David Backes wins face-off versus Michal Handzus in Canucks zone.
13:15 of 1st period - Shot by Michal Handzus.
13:15 of 1st period - Shot Misses the Net.
13:17 of 1st period - Shot by Michal Handzus.
13:17 of 1st period - Stopped by Henrik Lundqvist without a rebound.
13:18 of 1st period - Todd Marchant wins face-off versus Phil Kessel in Canucks zone.
13:18 of 1st period - Todd Marchant is hit by Matthew Carle.
13:25 of 1st period - Icing by Erik Karlsson.
13:26 of 1st period - Stephen Weiss wins face-off versus Phil Kessel in Canucks zone.
13:31 of 1st period - Shot by Dany Heatley.
13:31 of 1st period - Shot Misses the Net.
13:39 of 1st period - Shot by Phil Kessel.
13:39 of 1st period - Shot Misses the Net.
13:41 of 1st period - Shot by James van Riemsdyk.
13:41 of 1st period - Deflect By Phil Kessel.
13:41 of 1st period - Stopped by Kari Lehtonen without a rebound.
13:42 of 1st period - Michal Handzus wins face-off versus Brooks Laich in Oilers zone.
13:42 of 1st period - Michal Handzus is hit by David Backes.
14:37 of 1st period - Derek Roy is hit by Alex Pietrangelo and loses puck.
14:59 of 1st period - Off-side.
15:00 of 1st period - Stephen Weiss wins face-off versus Phil Kessel in neutral zone.
15:07 of 1st period - Shot by Stephen Weiss.
15:07 of 1st period - Deflect By Dany Heatley.
15:07 of 1st period - Goal by Dany Heatley - Canucks : 0 - Oilers : 1.
15:08 of 1st period - Stephen Weiss wins face-off versus Brandon Sutter in neutral zone.
15:19 of 1st period - Shot by Dany Heatley.
15:19 of 1st period - Deflect By Stephen Weiss.
15:19 of 1st period - Shot Misses the Net.
15:21 of 1st period - Shot by Chris Phillips.
15:21 of 1st period - Stopped by Henrik Lundqvist with a rebound.
15:27 of 1st period - Shot by Stephen Weiss.
15:27 of 1st period - Shot Misses the Net.
15:31 of 1st period - Shot by Dany Heatley.
15:31 of 1st period - Shot Misses the Net.
15:33 of 1st period - Shot by Dany Heatley.
15:33 of 1st period - Stopped by Henrik Lundqvist without a rebound.
15:34 of 1st period - Derek Roy wins face-off versus Phil Kessel in Canucks zone.
16:13 of 1st period - Off-side.
16:14 of 1st period - Michal Handzus wins face-off versus Brandon Sutter in neutral zone.
16:14 of 1st period - Fernando Pisani is hit by Tomas Holmstrom and loses puck.
16:26 of 1st period - Valtteri Filppula is hit by Brent Sopel and loses puck.
16:48 of 1st period - Minor Penalty to Fernando Pisani for Hooking.
16:49 of 1st period - Scott Nichol wins face-off versus Phil Kessel in Oilers zone.
17:05 of 1st period - Icing by Phil Kessel.
17:06 of 1st period - Phil Kessel wins face-off versus Scott Nichol in Canucks zone.
18:34 of 1st period - Shot by Corey Perry.
18:34 of 1st period - Shot Misses the Net.
18:36 of 1st period - Shot by Loui Eriksson.
18:36 of 1st period - Deflect By Phil Kessel.
18:36 of 1st period - Shot Misses the Net.
18:40 of 1st period - Shot by Loui Eriksson.
18:40 of 1st period - Shot Misses the Net.
18:42 of 1st period - Shot by Loui Eriksson.
18:42 of 1st period - Goal by Loui Eriksson - Canucks : 1 - Oilers : 1.
18:43 of 1st period - Derek Roy wins face-off versus Brandon Sutter in neutral zone.
19:07 of 1st period - Tomas Holmstrom is hit by Adrian Aucoin and loses puck.
19:38 of 1st period - Shot by Dmitry Kulikov.
19:38 of 1st period - Stopped by Kari Lehtonen with a rebound.
19:49 of 1st period - Minor Penalty to Scott Hannan for Roughing.
19:50 of 1st period - Brooks Laich wins face-off versus Scott Nichol in Oilers zone.

Period #2

0:01 of 2nd period - Michal Handzus wins face-off versus Phil Kessel in neutral zone.
0:12 of 2nd period - Adrian Aucoin is hit by Phil Kessel and loses puck.
1:57 of 2nd period - Kris Russell is hit by Chris Phillips and loses puck.
2:05 of 2nd period - David Backes is hit by Chris Phillips and loses puck.
2:22 of 2nd period - Brandon Sutter is hit by Dany Heatley and loses puck.
3:16 of 2nd period - Off-side.
3:17 of 2nd period - Scott Nichol wins face-off versus Phil Kessel in neutral zone.
4:22 of 2nd period - Minor Penalty to Michal Handzus for Roughing.
4:23 of 2nd period - Brooks Laich wins face-off versus Andrew Ladd in Oilers zone.
5:17 of 2nd period - Shot by Corey Perry.
5:17 of 2nd period - Shot Misses the Net.
5:19 of 2nd period - Shot by Duncan Keith.
5:19 of 2nd period - Stopped by Kari Lehtonen without a rebound.
5:20 of 2nd period - Brooks Laich wins face-off versus Scott Nichol in Oilers zone.
5:50 of 2nd period - Brooks Laich is hit by Andrew Ladd and loses puck.
5:58 of 2nd period - Minor Penalty to Fedor Tyutin for High sticking.
5:59 of 2nd period - Stephen Weiss wins face-off versus Brandon Sutter in Canucks zone.
6:10 of 2nd period - Shot by Stephen Weiss.
6:10 of 2nd period - Stopped by Henrik Lundqvist without a rebound.
6:11 of 2nd period - Brandon Sutter wins face-off versus Derek Roy in Canucks zone.
6:45 of 2nd period - Icing by Stephen Weiss.
6:46 of 2nd period - Jochen Hecht wins face-off versus Ryan OReilly in Oilers zone.
6:46 of 2nd period - Jochen Hecht is hit by Jannik Hansen.
6:49 of 2nd period - Minor Penalty to Jannik Hansen for Hooking.
6:50 of 2nd period - Derek Roy wins face-off versus Brooks Laich in Canucks zone.
7:01 of 2nd period - Shot by Andrew Ladd.
7:01 of 2nd period - Stopped by Henrik Lundqvist without a rebound.
7:02 of 2nd period - Brandon Sutter wins face-off versus Derek Roy in Canucks zone.
7:38 of 2nd period - Brooks Laich is hit by Todd Marchant and loses puck.
8:03 of 2nd period - Shot by Roman Hamrlik.
8:03 of 2nd period - Stopped by Henrik Lundqvist without a rebound.
8:04 of 2nd period - Stephen Weiss wins face-off versus Ryan OReilly in Canucks zone.
8:07 of 2nd period - Shot by Stephen Weiss.
8:07 of 2nd period - Stopped by Henrik Lundqvist without a rebound.
8:08 of 2nd period - Stephen Weiss wins face-off versus Brandon Sutter in Canucks zone.
8:15 of 2nd period - Shot by Stephen Weiss.
8:15 of 2nd period - Shot Blocked by Matthew Carle.
8:17 of 2nd period - Shot by Jochen Hecht.
8:17 of 2nd period - Stopped by Henrik Lundqvist without a rebound.
8:18 of 2nd period - Ryan OReilly wins face-off versus Derek Roy in Canucks zone.
8:24 of 2nd period - Icing by Todd Marchant.
8:25 of 2nd period - Brandon Sutter wins face-off versus Derek Roy in Oilers zone.
8:44 of 2nd period - Shot by Derek Roy.
8:44 of 2nd period - Deflect By Andrew Ladd.
8:44 of 2nd period - Stopped by Henrik Lundqvist without a rebound.
8:45 of 2nd period - Stephen Weiss wins face-off versus Brandon Sutter in Canucks zone.
9:05 of 2nd period - Off-side.
9:06 of 2nd period - Michal Handzus wins face-off versus Brandon Sutter in neutral zone.
9:09 of 2nd period - Shot by Todd Marchant.
9:09 of 2nd period - Shot Blocked by Kris Russell.
9:11 of 2nd period - Shot by Todd Marchant.
9:11 of 2nd period - Goal by Todd Marchant - Canucks : 1 - Oilers : 2.
9:12 of 2nd period - Michal Handzus wins face-off versus Brooks Laich in neutral zone.
9:15 of 2nd period - Shot by Brent Sopel.
9:15 of 2nd period - Stopped by Henrik Lundqvist without a rebound.
9:16 of 2nd period - Stephen Weiss wins face-off versus Brandon Sutter in Canucks zone.
9:33 of 2nd period - Shot by Dany Heatley.
9:33 of 2nd period - Shot Blocked by Fedor Tyutin.
9:37 of 2nd period - Shot by Dany Heatley.
9:37 of 2nd period - Shot Blocked by Brandon Sutter.
9:39 of 2nd period - Shot by Dany Heatley.
9:39 of 2nd period - Shot Misses the Net.
10:05 of 2nd period - Shot by Fernando Pisani.
10:05 of 2nd period - Stopped by Henrik Lundqvist without a rebound.
10:06 of 2nd period - Phil Kessel wins face-off versus Derek Roy in Canucks zone.
10:06 of 2nd period - Phil Kessel is hit by Jochen Hecht.
10:07 of 2nd period - Minor Penalty to Derek Roy for Hooking.
10:08 of 2nd period - Phil Kessel wins face-off versus Michal Handzus in Oilers zone.
10:44 of 2nd period - Icing by Duncan Keith.
10:45 of 2nd period - Michal Handzus wins face-off versus Phil Kessel in Canucks zone.
11:22 of 2nd period - Chris Phillips is hit by Brooks Laich and loses puck.
11:33 of 2nd period - Shot by Tomas Holmstrom.
11:33 of 2nd period - Deflect By James van Riemsdyk.
11:33 of 2nd period - Shot Blocked by Scott Nichol.
11:41 of 2nd period - Shot by Brooks Laich.
11:41 of 2nd period - Shot Misses the Net.
11:43 of 2nd period - Shot by James van Riemsdyk.
11:43 of 2nd period - Shot Misses the Net.
11:45 of 2nd period - Shot by Alex Pietrangelo.
11:45 of 2nd period - Stopped by Kari Lehtonen without a rebound.
11:46 of 2nd period - Michal Handzus wins face-off versus Brooks Laich in Oilers zone.
11:46 of 2nd period - Michal Handzus is hit by Tomas Holmstrom.
11:56 of 2nd period - Shot by Alex Pietrangelo.
11:56 of 2nd period - Shot Blocked by Adrian Aucoin.
11:58 of 2nd period - Shot by Dmitry Kulikov.
11:58 of 2nd period - Stopped by Kari Lehtonen without a rebound.
11:59 of 2nd period - Phil Kessel wins face-off versus Michal Handzus in Oilers zone.
12:08 of 2nd period - Shot by Loui Eriksson.
12:08 of 2nd period - Deflect By David Backes.
12:08 of 2nd period - Shot Misses the Net.
12:11 of 2nd period - Icing by Brent Sopel.
12:12 of 2nd period - Brandon Sutter wins face-off versus Michal Handzus in Oilers zone.
12:17 of 2nd period - Shot by Valtteri Filppula.
12:17 of 2nd period - Shot Misses the Net.
12:31 of 2nd period - Shot by Scott Hannan.
12:31 of 2nd period - Stopped by Henrik Lundqvist with a rebound.
12:33 of 2nd period - Shot by Michal Handzus.
12:33 of 2nd period - Shot Misses the Net.
12:50 of 2nd period - Icing by Fedor Tyutin.
12:51 of 2nd period - Adam Burish wins face-off versus Brandon Sutter in Canucks zone.
13:36 of 2nd period - Icing by Corey Perry.
13:37 of 2nd period - Derek Roy wins face-off versus Phil Kessel in Canucks zone.
13:39 of 2nd period - Minor Penalty to Erik Karlsson for Hooking.
13:40 of 2nd period - Jochen Hecht wins face-off versus Ryan OReilly in Canucks zone.
14:05 of 2nd period - Shot by Dany Heatley.
14:05 of 2nd period - Shot Misses the Net.
14:07 of 2nd period - Shot by Karlis Skrastins.
14:07 of 2nd period - Stopped by Henrik Lundqvist with a rebound.
14:50 of 2nd period - Shot by Derek Roy.
14:50 of 2nd period - Shot Blocked by Duncan Keith.
14:52 of 2nd period - Shot by Derek Roy.
14:52 of 2nd period - Shot Misses the Net.
14:54 of 2nd period - Shot by Adrian Aucoin.
14:54 of 2nd period - Stopped by Henrik Lundqvist without a rebound.
14:55 of 2nd period - David Backes wins face-off versus Jochen Hecht in Canucks zone.
15:11 of 2nd period - Stephen Weiss is hit by Fedor Tyutin and loses puck.
15:48 of 2nd period - Shot by Todd Marchant.
15:48 of 2nd period - Stopped by Henrik Lundqvist without a rebound.
15:49 of 2nd period - Adam Burish wins face-off versus Phil Kessel in Canucks zone.
16:02 of 2nd period - Shot by Scott Nichol.
16:02 of 2nd period - Stopped by Henrik Lundqvist with a rebound.
16:06 of 2nd period - Shot by Radek Dvorak.
16:06 of 2nd period - Shot Misses the Net.
16:08 of 2nd period - Shot by Scott Nichol.
16:08 of 2nd period - Shot Misses the Net.
16:10 of 2nd period - Shot by Radek Dvorak.
16:10 of 2nd period - Shot Misses the Net.
16:14 of 2nd period - Shot by Radek Dvorak.
16:14 of 2nd period - Shot Misses the Net.
16:55 of 2nd period - Shot by Michal Handzus.
16:55 of 2nd period - Shot Blocked by Matthew Carle.
16:57 of 2nd period - Shot by Todd Marchant.
16:57 of 2nd period - Stopped by Henrik Lundqvist without a rebound.
16:58 of 2nd period - Ryan OReilly wins face-off versus Derek Roy in Canucks zone.
17:17 of 2nd period - Duncan Keith is hit by Steve Sullivan and loses puck.
17:32 of 2nd period - Shot by Loui Eriksson.
17:32 of 2nd period - Deflect By Ryan OReilly.
17:32 of 2nd period - Stopped by Kari Lehtonen with a rebound.
17:36 of 2nd period - Shot by Loui Eriksson.
17:36 of 2nd period - Shot Blocked by Adrian Aucoin.
17:40 of 2nd period - Shot by Loui Eriksson.
17:40 of 2nd period - Stopped by Kari Lehtonen with a rebound.
17:42 of 2nd period - Shot by Ryan OReilly.
17:42 of 2nd period - Shot Misses the Net.
17:54 of 2nd period - Shot by Brandon Sutter.
17:54 of 2nd period - Shot Misses the Net.
18:52 of 2nd period - Shot by Duncan Keith.
18:52 of 2nd period - Shot Blocked by Chris Phillips.
19:39 of 2nd period - Shot by Fernando Pisani.
19:39 of 2nd period - Stopped by Henrik Lundqvist without a rebound.
19:40 of 2nd period - Phil Kessel wins face-off versus Scott Nichol in Canucks zone.
19:58 of 2nd period - Icing by Corey Perry.
19:59 of 2nd period - Corey Perry wins face-off versus Michal Handzus in Canucks zone.

Period #3

0:01 of 3rd period - Stephen Weiss wins face-off versus Phil Kessel in neutral zone.
0:09 of 3rd period - Andrew Ladd is hit by Matthew Carle and loses puck.
0:23 of 3rd period - Icing by Stephen Weiss.
0:24 of 3rd period - Brooks Laich wins face-off versus Stephen Weiss in Oilers zone.
0:34 of 3rd period - Shot by Loui Eriksson.
0:34 of 3rd period - Shot Misses the Net.
0:36 of 3rd period - Shot by David Backes.
0:36 of 3rd period - Shot Misses the Net.
1:33 of 3rd period - Shot by Steve Sullivan.
1:33 of 3rd period - Shot Misses the Net.
1:35 of 3rd period - Shot by Jochen Hecht.
1:35 of 3rd period - Stopped by Henrik Lundqvist without a rebound.
1:36 of 3rd period - Brandon Sutter wins face-off versus Michal Handzus in Canucks zone.
2:01 of 3rd period - Valtteri Filppula is hit by Scott Hannan and loses puck.
2:36 of 3rd period - Minor Penalty to James van Riemsdyk for Roughing.
2:37 of 3rd period - Derek Roy wins face-off versus Ryan OReilly in Canucks zone.
3:26 of 3rd period - Shot by Stephen Weiss.
3:26 of 3rd period - Goal by Stephen Weiss - Canucks : 1 - Oilers : 3.
3:27 of 3rd period - Phil Kessel wins face-off versus Scott Nichol in neutral zone.
3:34 of 3rd period - Icing by Adrian Aucoin.
3:35 of 3rd period - Scott Nichol wins face-off versus Phil Kessel in Oilers zone.
3:49 of 3rd period - Radek Dvorak is hit by Matthew Carle and loses puck.
4:34 of 3rd period - Shot by David Backes.
4:34 of 3rd period - Deflect By Loui Eriksson.
4:34 of 3rd period - Shot Misses the Net.
4:44 of 3rd period - Shot by David Backes.
4:44 of 3rd period - Shot Misses the Net.
4:46 of 3rd period - Shot by David Backes.
4:46 of 3rd period - Stopped by Kari Lehtonen without a rebound.
4:47 of 3rd period - Michal Handzus wins face-off versus Brandon Sutter in Oilers zone.
4:47 of 3rd period - Michal Handzus is hit by Tomas Holmstrom.
4:53 of 3rd period - Shot by Valtteri Filppula.
4:53 of 3rd period - Shot Hit the Post.
4:55 of 3rd period - Shot by Kris Russell.
4:55 of 3rd period - Stopped by Kari Lehtonen with a rebound.
4:57 of 3rd period - Shot by Fedor Tyutin.
4:57 of 3rd period - Stopped by Kari Lehtonen without a rebound.
4:58 of 3rd period - Michal Handzus wins face-off versus Ryan OReilly in Oilers zone.
4:58 of 3rd period - Michal Handzus is hit by Ryan OReilly.
5:51 of 3rd period - Shot by Kris Russell.
5:51 of 3rd period - Stopped by Kari Lehtonen with a rebound.
5:53 of 3rd period - Shot by Fedor Tyutin.
5:53 of 3rd period - Deflect By Valtteri Filppula.
5:53 of 3rd period - Shot Blocked by Brent Sopel.
5:55 of 3rd period - Shot by Tomas Holmstrom.
5:55 of 3rd period - Deflect By Brandon Sutter.
5:55 of 3rd period - Stopped by Kari Lehtonen without a rebound.
5:56 of 3rd period - Stephen Weiss wins face-off versus Corey Perry in Oilers zone.
7:10 of 3rd period - Icing by Adrian Aucoin.
7:11 of 3rd period - Jochen Hecht wins face-off versus Brooks Laich in Oilers zone.
7:11 of 3rd period - Derek Roy is hit by David Backes and loses puck.
7:43 of 3rd period - Minor Penalty to Alex Pietrangelo for Holding.
7:44 of 3rd period - Stephen Weiss wins face-off versus Ryan OReilly in Canucks zone.
7:47 of 3rd period - Shot by Dany Heatley.
7:47 of 3rd period - Stopped by Henrik Lundqvist without a rebound.
7:48 of 3rd period - Stephen Weiss wins face-off versus Ryan OReilly in Canucks zone.
8:48 of 3rd period - Andrew Ladd is hit by Duncan Keith and loses puck.
8:53 of 3rd period - Shot by Andrew Ladd.
8:53 of 3rd period - Stopped by Henrik Lundqvist without a rebound.
8:54 of 3rd period - Stephen Weiss wins face-off versus Brandon Sutter in Canucks zone.
10:22 of 3rd period - Corey Perry is hit by Todd Marchant and loses puck.
10:50 of 3rd period - Shot by Fedor Tyutin.
10:50 of 3rd period - Stopped by Kari Lehtonen with a rebound.
10:52 of 3rd period - Shot by Kris Russell.
10:52 of 3rd period - Shot Blocked by Chris Phillips.
10:56 of 3rd period - Shot by Valtteri Filppula.
10:56 of 3rd period - Stopped by Kari Lehtonen without a rebound.
10:57 of 3rd period - Derek Roy wins face-off versus Brooks Laich in Oilers zone.
10:57 of 3rd period - Minor Penalty to David Backes for Hooking.
10:58 of 3rd period - Ryan OReilly wins face-off versus Derek Roy in Canucks zone.
11:34 of 3rd period - Icing by Steve Sullivan.
11:35 of 3rd period - Brandon Sutter wins face-off versus Derek Roy in Oilers zone.
12:39 of 3rd period - Minor Penalty to Todd Marchant for Holding.
12:40 of 3rd period - Brooks Laich wins face-off versus Derek Roy in Oilers zone.
12:45 of 3rd period - Shot by Brooks Laich.
12:45 of 3rd period - Shot Misses the Net.
12:59 of 3rd period - Shot by Loui Eriksson.
12:59 of 3rd period - Shot Blocked by Scott Hannan.
13:03 of 3rd period - Shot by Phil Kessel.
13:03 of 3rd period - Shot Misses the Net.
13:05 of 3rd period - Shot by Phil Kessel.
13:05 of 3rd period - Shot Blocked by Roman Hamrlik.
13:07 of 3rd period - Shot by Corey Perry.
13:07 of 3rd period - Deflect By Loui Eriksson.
13:07 of 3rd period - Shot Misses the Net.
13:09 of 3rd period - Shot by Duncan Keith.
13:09 of 3rd period - Stopped by Kari Lehtonen without a rebound.
13:10 of 3rd period - Michal Handzus wins face-off versus Brooks Laich in Oilers zone.
13:18 of 3rd period - Icing by Dmitry Kulikov.
13:19 of 3rd period - Brooks Laich wins face-off versus Scott Nichol in Canucks zone.
13:19 of 3rd period - Brooks Laich is hit by Scott Nichol.
13:37 of 3rd period - Shot by Alex Pietrangelo.
13:37 of 3rd period - Shot Misses the Net.
13:39 of 3rd period - Shot by Alex Pietrangelo.
13:39 of 3rd period - Shot Misses the Net.
13:41 of 3rd period - Shot by Dmitry Kulikov.
13:41 of 3rd period - Shot Hit the Post.
13:43 of 3rd period - Shot by James van Riemsdyk.
13:43 of 3rd period - Goal by James van Riemsdyk - Canucks : 2 - Oilers : 3.
13:44 of 3rd period - Michal Handzus wins face-off versus Ryan OReilly in neutral zone.
13:44 of 3rd period - Fernando Pisani is hit by Jannik Hansen and loses puck.
13:58 of 3rd period - Shot by Duncan Keith.
13:58 of 3rd period - Stopped by Kari Lehtonen without a rebound.
13:59 of 3rd period - Derek Roy wins face-off versus Phil Kessel in Oilers zone.
13:59 of 3rd period - Jochen Hecht is hit by James van Riemsdyk and loses puck.
14:23 of 3rd period - Shot by James van Riemsdyk.
14:23 of 3rd period - Shot Misses the Net.
14:27 of 3rd period - Shot by Phil Kessel.
14:27 of 3rd period - Shot Misses the Net.
14:29 of 3rd period - Shot by Erik Karlsson.
14:29 of 3rd period - Shot Misses the Net.
15:04 of 3rd period - Shot by Brooks Laich.
15:04 of 3rd period - Stopped by Kari Lehtonen without a rebound.
15:05 of 3rd period - Fernando Pisani wins face-off versus Brandon Sutter in Oilers zone.
15:05 of 3rd period - Fernando Pisani is hit by Tomas Holmstrom.
15:14 of 3rd period - Icing by Fedor Tyutin.
15:15 of 3rd period - Stephen Weiss wins face-off versus Brandon Sutter in Canucks zone.
15:48 of 3rd period - Shot by Andrew Ladd.
15:48 of 3rd period - Stopped by Henrik Lundqvist without a rebound.
15:49 of 3rd period - Fernando Pisani wins face-off versus Ryan OReilly in Canucks zone.
15:51 of 3rd period - Michal Handzus is hit by Dmitry Kulikov and loses puck.
16:28 of 3rd period - Shot by Ryan OReilly.
16:28 of 3rd period - Stopped by Kari Lehtonen without a rebound.
16:29 of 3rd period - Stephen Weiss wins face-off versus Phil Kessel in Oilers zone.
16:43 of 3rd period - Off-side.
16:44 of 3rd period - Derek Roy wins face-off versus Brooks Laich in neutral zone.
16:47 of 3rd period - Alex Pietrangelo is hit by Derek Roy.
17:30 of 3rd period - David Backes is hit by Chris Phillips and loses puck.
17:43 of 3rd period - Shot by Dany Heatley.
17:43 of 3rd period - Shot Misses the Net.
17:51 of 3rd period - Shot by Dany Heatley.
17:51 of 3rd period - Shot Misses the Net.
17:55 of 3rd period - Shot by Stephen Weiss.
17:55 of 3rd period - Shot Blocked by Kris Russell.
17:57 of 3rd period - Shot by Chris Phillips.
17:57 of 3rd period - Stopped by Henrik Lundqvist with a rebound.
18:01 of 3rd period - Shot by Andrew Ladd.
18:01 of 3rd period - Deflect By Dany Heatley.
18:01 of 3rd period - Shot Misses the Net.
18:03 of 3rd period - Shot by Dany Heatley.
18:03 of 3rd period - Goal by Dany Heatley - Canucks : 2 - Oilers : 4.
18:04 of 3rd period - Michal Handzus wins face-off versus Phil Kessel in neutral zone.
18:20 of 3rd period - Phil Kessel is hit by Fernando Pisani.
18:55 of 3rd period - Icing by James van Riemsdyk.
18:56 of 3rd period - Stephen Weiss wins face-off versus Phil Kessel in Canucks zone.
18:59 of 3rd period - Shot by Andrew Ladd.
18:59 of 3rd period - Shot Misses the Net.
19:03 of 3rd period - Shot by Andrew Ladd.
19:03 of 3rd period - Shot Hit the Post.
19:05 of 3rd period - Shot by Stephen Weiss.
19:05 of 3rd period - Shot Misses the Net.
19:07 of 3rd period - Shot by Chris Phillips.
19:07 of 3rd period - Shot Blocked by Phil Kessel.
19:09 of 3rd period - Shot by Stephen Weiss.
19:09 of 3rd period - Stopped by Henrik Lundqvist without a rebound.
19:10 of 3rd period - Dany Heatley wins face-off versus Loui Eriksson in Canucks zone.
19:14 of 3rd period - Minor Penalty to Alex Pietrangelo for Holding.
19:15 of 3rd period - Derek Roy wins face-off versus Ryan OReilly in Canucks zone.
19:16 of 3rd period - Shot by Adrian Aucoin.
19:16 of 3rd period - Shot Blocked by Ryan OReilly.


Output by the SimonT Hockey Simulator (STHS) for Stephane Roy -- Original Page W3C XHTML 1.0 Valid